AoeStats
← PomPom

Arabia

513539562Analyzed
1v1 RM · 6d ago on Oct 14, 2026· 19m 57s· 2 players
Game mode
Random Map
Map size
Tiny (2 player)
Population
200
Speed
Normal
Resources
Standard
Victory
Conquest
Starting age
Dark Age
Ending age
Imperial Age
RankedLock teamsTeams togetherTeam positionsShared explorationLock speedFull tech treeHidden civsTurbo modeCheats
Victory
Defeat
🇻🇳 Celts · Vietnam
1750
+18
vs
🇺🇸 Turks · United States
1787
-18
PomPom
7:27 Loom
13:03 Feudal Age
13:09 Man-at-Arms
13:38 Double-Bit Axe
19:44 Castle Age
17:52 Fletching
18:31 Forging
18:25 Padded Archer Armor
18:28 Arson
18:55 Forging
19:47 Gold Mining
19:41 Horse Collar
20:22 Bodkin Arrow
19:48 Crossbowman
[DOV] The_GothFather
7:16 Loom
9:54 Feudal Age
11:13 Town Watch
11:48 Double-Bit Axe
Connection lost

Rejoining the realm…

Still unreachable

The connection could not be restored.

Session expired

The server has moved on; the page needs a fresh start.